 Dungeon Crawl Stone Soup version 0.23-a0-375-g66a18ee (console) character file.

181 Voker57 the Ducker (level 5, -2/43 HPs)
             Began as a Gnoll Gladiator on Oct 26, 2018.
             Was a Priest of Jiyva.
             Slain by a wight
             ... wielding a cursed +4 great sword
              (6 damage)
             ... on level 3 of the Dungeon.
             The game lasted 00:03:40 (1810 turns).

Voker57 the Ducker (Gnoll Gladiator)                Turns: 1810, Time: 00:03:41

Health: -2/43      AC:  4    Str: 16    XL:     5   Next: 61%
Magic:  7/7        EV: 15    Int: 12    God:    Jiyva [***...]
Gold:   115        SH:  0    Dex: 16    Spells: 7/7 levels left

rFire    . . .     SeeInvis .   a - +0 long sword
rCold    . . .     Gourm    .   (no shield)
rNeg     . . .     Faith    .   b - +0 leather armour
rPois    .         Spirit   .   c - +0 helmet
rElec    .         Reflect  .   (no cloak)
rCorr    +         Harm     .   (no gloves)
MR       .....                  (no boots)
Stlth    +.........             (no amulet)
HPRegen  0.14/turn              (no ring)
MPRegen  0.10/turn              (no ring)

@: confused, hasted, drained, very quick
A: distributed training, fangs 1, acidic bite, strong nose
a: Request Jelly, Renounce Religion


You were on level 3 of the Dungeon.
You worshipped Jiyva.
Jiyva was most pleased with you.
You were very full.

You visited 1 branch of the dungeon, and saw 4 of its levels.

You collected 115 gold pieces.

Inventory:

Hand Weapons
 a - a +0 long sword (weapon)
Missiles
 d - 3 throwing nets (quivered)
Armour
 b - a +0 leather armour (worn)
 c - a +0 helmet (worn)
Scrolls
 e - a scroll of identify
 g - a scroll of enchant armour
 j - a scroll of remove curse {unknown}
 l - 4 scrolls of teleportation {unknown}
 m - a scroll of blinking {unknown}
 n - 2 scrolls of enchant weapon {unknown}
 p - 3 scrolls of magic mapping {unknown}
Potions
 i - a potion of mutation {unknown}
 k - a potion of ambrosia
 o - a potion of might {unknown}
 q - a potion of degeneration {unknown}
Comestibles
 f - 5 rations


   Skills:
 + Level 4.8(4.0) Fighting
 + Level 1.5(0.8) Short Blades
 + Level 6.7(5.9) Long Blades
 + Level 1.5(0.8) Axes
 + Level 1.5(0.8) Maces & Flails
 + Level 1.5(0.8) Polearms
 + Level 1.5(0.8) Staves
 + Level 1.5(0.8) Slings
 + Level 1.5(0.8) Bows
 + Level 1.5(0.8) Crossbows
 + Level 4.8(4.0) Throwing
 + Level 1.5(0.8) Armour
 + Level 6.7(5.9) Dodging
 + Level 1.5(0.8) Stealth
 + Level 1.5(0.8) Shields
 + Level 1.5(0.8) Unarmed Combat
 + Level 1.5(0.8) Spellcasting
 + Level 1.2(0.5) Conjurations
 + Level 1.2(0.5) Hexes
 + Level 1.2(0.5) Charms
 + Level 1.2(0.5) Summonings
 + Level 1.2(0.5) Necromancy
 + Level 1.2(0.5) Translocations
 + Level 1.2(0.5) Transmutations
 + Level 1.2(0.5) Fire Magic
 + Level 1.2(0.5) Ice Magic
 + Level 1.2(0.5) Air Magic
 + Level 1.2(0.5) Earth Magic
 + Level 1.2(0.5) Poison Magic
 + Level 1.7(1.0) Invocations
 + Level 1.5(0.8) Evocations


You had 7 spell levels left.
You didn't know any spells.
Your spell library was empty.

Dungeon Overview and Level Annotations

Branches:
Dungeon (4/15)
 Temple: D:4-7

Altars:
Fedhas
Kikubaaqudgha
Vehumet
Jiyva


Innate Abilities, Weirdness & Mutations

Your experience applies equally to all skills.
You have very sharp teeth.
Your uncanny sense of smell can sniff out nearby items.
You have acidic saliva.


Message History

The wight closely misses you.
You climb upwards.
There is a stone staircase leading down here.
You closely miss the wight. Your bite misses the wight.
The wight hits you with a cursed +4 great sword!
* * * LOW HITPOINT WARNING * * *
You feel drained.
* * * LOW HITPOINT WARNING * * *
As you read the scroll labeled PYNKYBY TOHIE, it crumbles to dust.
It is a scroll of identify.
g - a scroll of enchant armour
Okay, then.
It was a potion of ambrosia.
You are confused.
You feel invigorated. The wight barely misses you.
It was a potion of haste.
You feel yourself speed up.
The wight hits you with a cursed +4 great sword!
* * * LOW HITPOINT WARNING * * *
You feel drained.
You die...

#.##......##.......J.#
#.#..#....##........J#
#.#.##....J..........# #
#...##....##.........# ##
#..###....##.........# ≈#
#### #....##.........#
≈#########....##J........#
≈##...........##.........#
≈##.############.z.......#
≈≈#.# #@.J......# ≈≈#.#
########### #≈≈.# #≈≈.#
'...# '...# '...# #≈≈##
#≈≈# ≈≈##


You could see a wight and 2 neutral jellies (fellow slime).

Vanquished Creatures
  An orc priest (D:4)
  Natasha (twice) (D:2)
  4 adders (D:2)
  A worm (D:3)
  2 dart slugs
  3 leopard geckos
  2 orcs
  A ball python (D:4)
  4 giant cockroaches
  14 goblins
  4 hobgoblins
  2 jackals (D:3)
  3 quokkas
  5 bats
  4 frilled lizards
  2 kobolds
  5 rats
59 creatures vanquished.

Vanquished Creatures (others)
  An ice beast (D:3)
  2 jellies
  An orc wizard (D:4)
  Ijyb (D:3)
  Natasha (D:2)
  Robin (D:2)
  2 oozes (D:4)
  A worm (D:3)
  A dart slug (D:2)
  An orc (D:3)
  7 goblins
  2 hobgoblins
  5 jackals (D:3)
  2 quokkas (D:2)
  A bat (D:3)
29 creatures vanquished.

Grand Total: 88 creatures vanquished

Notes
Turn   | Place    | Note
-------+----------+-------------------------------------------
     0 | D:1      | Voker57 the Gnoll Gladiator began the quest for the Orb.
     0 | D:1      | Reached XP level 1. HP: 20/20 MP: 1/1
   133 | D:1      | Reached XP level 2. HP: 22/26 MP: 2/2
   460 | D:2      | Noticed Natasha
   468 | D:2      | Killed Natasha
   468 | D:2      | Reached XP level 3. HP: 29/31 MP: 2/4
   489 | D:2      | Reached skill level 1 in Invocations
   523 | D:2      | Found a faded altar of an unknown god.
   546 | D:2      | Became a worshipper of Jiyva Jiel the Shapeless
   546 | D:2      | Reached * piety under Jiyva
   563 | D:2      | Reached skill level 1 in Short Blades
   563 | D:2      | Reached skill level 1 in Axes
   563 | D:2      | Reached skill level 1 in Maces & Flails
   563 | D:2      | Reached skill level 1 in Polearms
   563 | D:2      | Reached skill level 1 in Staves
   563 | D:2      | Reached skill level 1 in Slings
   563 | D:2      | Reached skill level 1 in Bows
   563 | D:2      | Reached skill level 1 in Crossbows
   563 | D:2      | Reached skill level 1 in Armour
   563 | D:2      | Reached skill level 1 in Stealth
   563 | D:2      | Reached skill level 1 in Shields
   563 | D:2      | Reached skill level 1 in Unarmed Combat
   563 | D:2      | Reached skill level 1 in Spellcasting
   563 | D:2      | Reached skill level 1 in Evocations
   563 | D:2      | Reached XP level 4. HP: 26/38 MP: 5/5
   575 | D:2      | Noticed Robin
   600 | D:2      | Killed Robin
   625 | D:2      | Reached ** piety under Jiyva
   825 | D:2      | Found a radiant altar of Vehumet.
   846 | D:2      | Reached skill level 1 in Conjurations
   846 | D:2      | Reached skill level 1 in Hexes
   846 | D:2      | Reached skill level 1 in Charms
   846 | D:2      | Reached skill level 1 in Summonings
   846 | D:2      | Reached skill level 1 in Necromancy
   846 | D:2      | Reached skill level 1 in Translocations
   846 | D:2      | Reached skill level 1 in Transmutations
   846 | D:2      | Reached skill level 1 in Fire Magic
   846 | D:2      | Reached skill level 1 in Ice Magic
   846 | D:2      | Reached skill level 1 in Air Magic
   846 | D:2      | Reached skill level 1 in Earth Magic
   846 | D:2      | Reached skill level 1 in Poison Magic
   865 | D:2      | Killed Natasha
   875 | D:2      | Found an ancient bone altar of Kikubaaqudgha.
   888 | D:2      | Noticed Natasha
   896 | D:2      | Killed Natasha
  1123 | D:3      | Reached XP level 5. HP: 42/43 MP: 6/6
  1276 | D:3      | Found a blossoming altar of Fedhas.
  1387 | D:3      | Reached *** piety under Jiyva
  1464 | D:3      | Gained mutation: You have acidic saliva. [Jiyva's grace]
  1472 | D:3      | Killed an ice beast
  1493 | D:3      | Noticed Ijyb
  1498 | D:3      | Paralysed by Ijyb for 4 turns
  1506 | D:3      | Killed Ijyb
  1511 | D:3      | Reached **** piety under Jiyva
  1810 | D:3      | Slain by a wight

Vault maps used:
D:1:      dpeg_arrival_arbitrary_c
D:2:      overflow_temple_1_default, lemuel_crystal_altar,
          chequers_ecumenical_altar_simple, uniq_natasha, uniq_robin
D:3:      kennysheep_goblin_castle, fedhas_ov_isle_minmay, first_ration
D:4:      lemuel_round_altar, overflow_temple_1_default

Skill      XL: |  1  2  3  4 |
---------------+-------------+-----
Invocations    | 1 |  1.7
Short Blades   | 1 |  1.5
Axes           | 1 |  1.5
Maces & Flails | 1 |  1.5
Polearms       | 1 |  1.5
Staves         | 1 |  1.5
Slings         | 1 |  1.5
Bows           | 1 |  1.5
Crossbows      | 1 |  1.5
Armour         | 1 |  1.5
Stealth        | 1 |  1.5
Shields        | 1 |  1.5
Unarmed Combat | 1 |  1.5
Spellcasting   | 1 |  1.5
Evocations     | 1 |  1.5
Conjurations   | 1 |  1.2
Hexes          | 1 |  1.2
Charms         | 1 |  1.2
Summonings     | 1 |  1.2
Necromancy     | 1 |  1.2
Translocations | 1 |  1.2
Transmutations | 1 |  1.2
Fire Magic     | 1 |  1.2
Ice Magic      | 1 |  1.2
Air Magic      | 1 |  1.2
Earth Magic    | 1 |  1.2
Poison Magic   | 1 |  1.2
Fighting       | |  4.8
Long Blades    | |  6.7
Throwing       | |  4.8
Dodging        | |  6.7

Action                   |  1- 3 |  4- 6 || total
-------------------------+-------+-------++-------
Melee: Long sword        |    53 |   112 ||   165
       Bite              |     8 |    15 ||    23
Invok: Request Jelly     |       |     2 ||     2
       Slimify           |       |     1 ||     1
  Use: Potion            |       |     3 ||     3
       Scroll            |       |     1 ||     1
 Stab: Sleeping          |     1 |     4 ||     5
       Invisible         |       |     3 ||     3
       Distracted        |       |     1 ||     1
  Eat: Chunk             |       |     1 ||     1
Armor: Leather armour    |    16 |    28 ||    44
Dodge: Dodged            |    43 |    94 ||   137
       Rpst.: Long sword |    12 |    34 ||    46

Table legend:
 A = Non-vault XP
 B = Vault XP
 C = Vault XP percentage of total XP
 D = Non-vault monster count
 E = Vault monster count
 F = Vault count percentage of total count
                 A         B        C        D         E       F
            +---------+---------+-------+---------+---------+-------
      Total |     188 |      71 |  27.4 |      47 |      15 |  24.2
            +---------+---------+-------+---------+---------+-------
        D:1 |      19 |       0 |   0.0 |      11 |       0 |   0.0
        D:2 |      88 |      54 |  38.0 |      17 |       9 |  34.6
        D:3 |      34 |      17 |  33.3 |      15 |       6 |  28.6
        D:4 |      47 |       0 |   0.0 |       4 |       0 |   0.0
            +---------+---------+-------+---------+---------+-------
